[Event "*** Titled Tuesday Blitz"]
[Site "Chess.com"]
[Date "2018.06.05"]
[Round "9"]
[White "cukus"]
[Black "Shaman91"]
[Result "1-0"]
[WhiteElo "2422"]
[BlackElo "2547"]
[TimeControl "180+2"]
[EndTime "15:08:52 PDT"]
[Termination "cukus won by resignation"]

1. e4 c5 2. Nf3 d6 3. d4 cxd4 4. Nxd4 Nf6 5. Nc3 Nc6 6. Bg5 Bd7 7. Qd2 Rc8 8. f4 h6 9. Bxf6 gxf6 10. O-O-O Nxd4 11. Qxd4 Qa5 12. Kb1 Qc5 13. Qd2 f5 14. exf5 Bg7 15. f6 Bxf6 16. Ne4 Qb6 17. Nxf6+ exf6 18. Bd3 Kd8 19. Rhe1 Qc5 20. f5 h5 21. g3 Kc7 22. Re7 Rhf8 23. Bb5 Rcd8 24. Ba4 Kc8 25. b4 Qxf5 26. Qxd6 Qxc2+ 27. Bxc2 1-0

[Event "*** Titled Tuesday Blitz"]
[Site "Chess.com"]
[Date "2018.06.05"]
[Round "9"]
[White "dmosesov"]
[Black "ChainsOfFantasia"]
[Result "1-0"]
[WhiteElo "2192"]
[BlackElo "2372"]
[TimeControl "180+2"]
[EndTime "15:08:55 PDT"]
[Termination "dmosesov won by checkmate"]

1. e4 c6 2. d4 d5 3. e5 Bf5 4. g4 Be4 5. f3 Bg6 6. h4 h5 7. e6 hxg4 8. fxg4 Be4 9. exf7+ Kxf7 10. Nf3 Ke8 11. Bd3 Nf6 12. g5 Bxd3 13. Qxd3 Ne4 14. Nc3 Nxc3 15. bxc3 Qd6 16. Kf2 Nd7 17. Rb1 Nb6 18.
Ne5 Rb8 19. Bf4 Qe6 20. Rbe1 Kd8 21. Kg3 Rc8 22. Rhf1 Rh5 23. Nf7+ Qxf7 24. Bc7+ Kxc7 25. Rxf7 Nd7 26. Rexe7 Bxe7 27. Rxe7 Rhh8 28. Qf5 Rcd8 29. Rxg7 Kd6 30. Qf4+ Ke6 31. Rg6+ Ke7 32. Qd6+ Kf7 33. Qe6+ Kf8 34. Qf5+ Ke7 35. Re6# 1-0

[Event "*** Titled Tuesday Blitz"]
[Site "Chess.com"]
[Date "2018.06.05"]
[Round "9"]
[White "ChessWarrior7197"]
[Black "dalmatinac101"]
[Result "0-1"]
[WhiteElo "2685"]
[BlackElo "2726"]
[TimeControl "180+2"]
[EndTime "15:09:00 PDT"]
[Termination "dalmatinac101 won by resignation"]

1. e4 c5 2. Nf3 e6 3. d4 cxd4 4. Nxd4 Nc6 5. Nc3 Qc7 6. g3 a6 7. Bg2 d6 8. O-O Bd7 9. Nb3 Nf6 10. f4 Be7 11. a3 b5 12. Be3 Rb8 13. Qe2 O-O 14.
g4 b4 15. axb4 Nxb4 16. g5 Ne8 17. Rf3 d5 18. exd5 Nxd5 19. Nxd5 exd5 20. f5 Nd6 21. Raf1 Rfe8 22. Qd1 Bf8 23. Bc1 Bb5 24. Nd4 Bxf1 25. Bxf1 Ne4 26. Rh3 g6 27. fxg6 hxg6 28. c3 Qe5 29.
Qg4 Bc5 30. Be3 Rxb2 31. Qh4 Qg7 32. Ne2 Nxc3 33. Bxc5 Nxe2+ 34. Kh1 Rb1 35. Kg2 Re4 36. Qf2 Nf4+ 0-1

[Event "*** Titled Tuesday Blitz"]
[Site "Chess.com"]
[Date "2018.06.05"]
[Round "9"]
[White "florianschwabeneder"]
[Black "MateusViageiro"]
[Result "1-0"]
[WhiteElo "2383"]
[BlackElo "2176"]
[TimeControl "180+2"]
[EndTime "15:09:01 PDT"]
[Termination "florianschwabeneder won by resignation"]

1. e4 c5 2. Nf3 d6 3. c3 Nf6 4. Be2 Nc6 5. d4 cxd4 6. cxd4 e6 7. Nc3 Bd7 8. O-O a6 9. d5 Ne5 10. Nxe5 dxe5 11. Be3 Rc8 12. Qd2 Bb4 13. f3 Qc7 14.
Rac1 O-O 15. a3 Bxc3 16. Rxc3 Qd6 17. dxe6 Qxd2 18. Bxd2 Bxe6 19. Rfc1 Rfd8 20. Rxc8 Rxc8 21. Bc3 Nd7 22. Rd1 f6 23. Rd6 Kf7 24. Kf2 Nc5 25. Bb4 Na4 26. Rd2 Nb6 27. Bd1 Nc4 28. Rc2 Nb6 29.
Rxc8 Nxc8 30. b3 Na7 31. a4 Nc6 32. Bc3 Ke7 33. b4 Nd4 34. Bxd4 exd4 35. f4 Bc4 36. Ke1 Kd6 37. Kd2 b5 38. a5 Ke6 39. Bg4+ Kd6 40.
Bc8 Kc7 41. Bf5 g6 42. Bg4 Kd6 43. Be2 g5 44. g3 h6 45. h4 Be6 46. Bd3 Bc4 47. e5+ fxe5 48. fxg5 hxg5 49. h5 Bg8 50. h6 Kd5 51. Bg6 Kc4 52. Bf7+ Bxf7 53. h7 Kxb4 54.
h8=Q Kxa5 55. Qxe5 Bc4 56. Qxd4 Kb4 57. Qc3+ Kc5 58.
Qe3+ Kb4 59. Qxg5 a5 60. Qe7+ Kb3 61. g4 a4 62. Kc1 a3 63. Qe3+ Ka4 64. Kb1 b4 65.
Qd4 Kb5 66. g5 b3 67. g6 b2 68. Qc3 1-0

[Event "*** Titled Tuesday Blitz"]
[Site "Chess.com"]
[Date "2018.06.05"]
[Round "9"]
[White "Micki-taryan"]
[Black "Matibar"]
[Result "1-0"]
[WhiteElo "2840"]
[BlackElo "2754"]
[TimeControl "180+2"]
[EndTime "15:09:02 PDT"]
[Termination "Micki-taryan won by resignation"]

1. d4 d5 2. c4 e6 3. Nf3 a6 4. e3 Nf6 5. b3 Bb4+ 6. Bd2 Be7 7. Nc3 O-O 8. Bd3 c5 9. cxd5 cxd4 10.
Nxd4 Nxd5 11. O-O Nc6 12. Nxc6 bxc6 13. Rc1 Ba3 14. Rb1 a5 15. Na4 Ba6 16. Bxa6 Rxa6 17.
Bc1 Be7 18. Bb2 Bf6 19. Qe2 Ra7 20. Rbc1 Bxb2 21. Qxb2 Qa8 22. Rfd1 h6 23. h3 Rb8 24.
Qe5 Rb5 25. Qd6 Nb4 26. Rd2 Rd5 27. Rxd5 cxd5 28. Nb6 Qb7 29. a3 Ra6 30. Qd8+ Kh7 31.
Nd7 Nc6 32. Qe8 Ra7 33. Nf8+ Kg8 34. Nxe6+ Kh7 35. Nf8+ Kg8 36. Ng6+ Kh7 37. Rxc6 Ra8 38. Nf8+ Kg8 39. Qd7 Rb8 40. Qxb7 Rxb7 41. Rc8 1-0

[Event "*** Titled Tuesday Blitz"]
[Site "Chess.com"]
[Date "2018.06.05"]
[Round "9"]
[White "djano"]
[Black "Hollywood_Chess"]
[Result "1-0"]
[WhiteElo "2369"]
[BlackElo "2216"]
[TimeControl "180+2"]
[EndTime "15:09:02 PDT"]
[Termination "djano won by resignation"]

1. d4 Nf6 2. c4 c6 3. Nc3 d5 4. cxd5 cxd5 5. Bf4 Nc6 6. e3 Bf5 7. Nf3 e6 8. Bb5 Rc8 9. Ne5 Bd6 10. Qa4 Qb6 11.
Nxc6 bxc6 12. Bxd6 cxb5 13. Nxb5 Rc4 14. Qxa7 Qxa7 15. Nxa7 Rc2 16. b4 Kd7 17. Bc5 Bd3 18. f3 Re2+ 19. Kd1 Rxg2 20. b5 Be2+ 21. Kc1 Bxf3 22.
Rf1 Be4 23. Nc6 Rxh2 24. a4 Kc8 25. a5 Rc2+ 26. Kd1 Ng4 27. Ra3 Nf2+ 28. Rxf2 Rxf2 29. a6 Kc7 30. Ne5 Bb1 31. b6+ Kd8 32. a7 Bc2+ 33. Kc1 1-0

[Event "*** Titled Tuesday Blitz"]
[Site "Chess.com"]
[Date "2018.06.05"]
[Round "9"]
[White "carlesdc96"]
[Black "Sanan_Sjugirov"]
[Result "0-1"]
[WhiteElo "2580"]
[BlackElo "2720"]
[TimeControl "180+2"]
[EndTime "15:09:03 PDT"]
[Termination "Sanan_Sjugirov won by resignation"]

1. e4 c5 2. Nf3 Nc6 3. d4 cxd4 4. Nxd4 Nf6 5. Nc3 d6 6. g3 g6 7. Bg2 Bd7 8. O-O Bg7 9. Nde2 h5 10. h3 Qc8 11. h4 Ne5 12. b3 O-O 13. Bb2 b5 14.
Nd4 b4 15. Nd5 Nxd5 16. exd5 Qc5 17. Kh1 a5 18. a3 Bg4 19. f3 Bd7 20. Qd2 bxa3 21.
Rxa3 a4 22. Rfa1 Rab8 23. Rxa4 Bxa4 24. Rxa4 Ra8 25. Rxa8 Rxa8 26. f4 Ng4 27. Bc3 Rc8 28. Bb2 Bxd4 29. Bxd4 Qxc2 30. Qxc2 Rxc2 31. Bf1 Rd2 32. Bg1 Rb2 33. Bc4 f6 34. Bd4 Rd2 35. Bg1 Kf7 36. b4 Rc2 37. Bf1 Nf2+ 38. Bxf2 Rxf2 39. Kg1 Rb2 40. b5 g5 0-1

[Event "*** Titled Tuesday Blitz"]
[Site "Chess.com"]
[Date "2018.06.05"]
[Round "9"]
[White "Gareth-Bale11"]
[Black "NikolaGry"]
[Result "0-1"]
[WhiteElo "2454"]
[BlackElo "2605"]
[TimeControl "180+2"]
[EndTime "15:09:12 PDT"]
[Termination "NikolaGry won by checkmate"]

1. Nf3 Nc6 2. b3 e5 3. Bb2 d6 4. e3 g6 5. d4 Bg7 6. dxe5 Nxe5 7. Nxe5 Bxe5 8. Bxe5 dxe5 9. Qxd8+ Kxd8 10. Nd2 Ke7 11. O-O-O Be6 12. Bc4 Nf6 13. f3 Rad8 14. a4 Nd5 15.
Bxd5 Bxd5 16. e4 Be6 17. Nf1 Rxd1+ 18. Kxd1 f5 19. Nd2 f4 20. g3 Rf8 21. Ke2 h5 22.
Nb1 g5 23. Nc3 g4 24. gxf4 exf4 25. Nd1 gxf3+ 26. Kxf3 Bg4+ 27. Kg2 Rd8 28. Nf2 Rd2 29. h3 Be2 30. Rc1 Ke6 31. a5 Ke5 32. b4 Kd4 33. c3+ Ke3 34. Re1 Rc2 35. h4 Kd2 36. Ra1 Rxc3 37. Ra2+ Ke3 38. e5 Bf3+ 39. Kh2 Rc6 40. a6 bxa6 41. Ra5 Rg6 42. Nh3 Rg2+ 43. Kh1 Ra2+ 44. Kg1 Rxa5 45. bxa5 Bg4 46. Ng5 f3 47. e6 f2+ 48. Kg2 Be2 49. e7 f1=Q+ 50. Kg3 Qf2+ 51. Kh3 Bf1# 0-1

[Event "*** Titled Tuesday Blitz"]
[Site "Chess.com"]
[Date "2018.06.05"]
[Round "9"]
[White "HanSchut"]
[Black "Hrant_ChessMood"]
[Result "0-1"]
[WhiteElo "2275"]
[BlackElo "2912"]
[TimeControl "180+2"]
[EndTime "15:09:30 PDT"]
[Termination "Hrant_ChessMood won by resignation"]

1. e4 Nf6 2. e5 Nd5 3. d4 d6 4. c4 Nb6 5. exd6 exd6 6. Nc3 Be7 7.
Be3 O-O 8. Qf3 Nc6 9. O-O-O f5 10. c5 f4 11. cxb6 fxe3 12. Qd5+ Kh8 13. bxc7 Qxc7 14. fxe3 Bf5 15. e4 Nb4 16. Qc4 Qxc4 17. Bxc4 Bg4 18.
Nf3 Rac8 19. Be2 Nxa2+ 20. Kd2 Nb4 21. h3 Be6 22. Rc1 a6 23. Rhf1 b5 24. h4 h6 25. g3 Bb3 26. d5 Bf6 27. Ke3 Nc2+ 28. Kd3 Bc4+ 29. Kd2 Nb4 30. Bxc4 Rxc4 31. b3 Bxc3+ 32.
Rxc3 Rxe4 33. Ng5 Ree8 34. Rxf8+ Rxf8 35. Ne6 Re8 36. Nc7 Re5 37. Rf3 Nxd5 38. Rf8+ Kh7 39.
Ne8 Ne7 40. g4 Ng6 41. Rf7 Rxe8 0-1

[Event "*** Titled Tuesday Blitz"]
[Site "Chess.com"]
[Date "2018.06.05"]
[Round "9"]
[White "chesstatour"]
[Black "SamCopeland"]
[Result "0-1"]
[WhiteElo "2066"]
[BlackElo "2047"]
[TimeControl "180+2"]
[EndTime "15:09:31 PDT"]
[Termination "SamCopeland won on time"]

1. c4 f5 2. Nc3 Nf6 3. d4 g6 4. g3 Bg7 5. Bg2 O-O 6. Nh3 d6 7. d5 a5 8. Nf4 Na6 9. Be3 Qe8 10.
h4 c5 11. Ne6 Bxe6 12. dxe6 Qc8 13. Nd5 Nxd5 14. cxd5 Bxb2 15. h5 c4 16. Rb1 Bf6 17. hxg6 hxg6 18. a3 c3 19. Qc2 Qc4 20. Bh6 Rfc8 21. e4 Nb4 22. axb4 axb4 23. exf5 Ra2 24. Qe4 c2 25. Rc1 Qxe4+ 26. Bxe4 b3 27. Kd2 gxf5 28. Bxf5 Rc5 29. Be4 b2 30. Be3 bxc1=Q+ 31. Rxc1 Bb2 0-1

[Event "*** Titled Tuesday Blitz"]
[Site "Chess.com"]
[Date "2018.06.05"]
[Round "9"]
[White "francogreek"]
[Black "sergeikim"]
[Result "1-0"]
[WhiteElo "2274"]
[BlackElo "2366"]
[TimeControl "180+2"]
[EndTime "15:09:35 PDT"]
[Termination "francogreek won on time"]

1. e4 e5 2. Nf3 Nc6 3. Bb5 a6 4. Ba4 Nf6 5. d3 b5 6. Bb3 Be7 7. O-O O-O 8. a3 d6 9. Nc3 Be6 10.
Bxe6 fxe6 11. Ng5 Qd7 12. f4 Nd4 13. fxe5 dxe5 14. Be3 c5 15. Qd2 h6 16. Nf3 Ng4 17.
Bxd4 exd4 18. Nd1 Bf6 19. Qf4 e5 20. Qg3 Ne3 21. Nxe3 dxe3 22. Rae1 c4 23. Rxe3 Qa7 24. Re1 Be7 25. Qxe5 Rxf3 26. gxf3 Bc5 27. Kf2 Rf8 28. Qd5+ Kh8 29. e5 cxd3 30. cxd3 Bxe3+ 31. Rxe3 Qe7 32. Qe4 Qc5 33. d4 Qc1 34. e6 Qxb2+ 35. Re2 Qxa3 36.
e7 Re8 37. Qe6 Qb4 38. Qd7 1-0

[Event "*** Titled Tuesday Blitz"]
[Site "Chess.com"]
[Date "2018.06.05"]
[Round "9"]
[White "Parhamov"]
[Black "GMNeiksans"]
[Result "1-0"]
[WhiteElo "2836"]
[BlackElo "2740"]
[TimeControl "180+2"]
[EndTime "15:09:36 PDT"]
[Termination "Parhamov won by resignation"]

1. Nf3 Nf6 2. g3 b6 3. Bg2 Bb7 4. O-O g6 5. b3 Bg7 6. Bb2 O-O 7. c4 c5 8. e3 d6 9. Qe2 Nc6 10. d4 cxd4 11. exd4 d5 12. Rd1 e6 13. Nbd2 Rc8 14.
Rac1 Re8 15. Ne5 Ba8 16. c5 Nxe5 17. dxe5 Nd7 18. cxb6 axb6 19. f4 Nc5 20. Bd4 Bb7 21. b4 Ba6 22. Qe3 Nd7 23. a4 Bf8 24. b5 Bb7 25.
Nb3 Rxc1 26. Rxc1 Qb8 27. a5 bxa5 28. Nxa5 Rc8 29. Bf1 Rc7 30. b6 Rc8 31. Rxc8 Qxc8 32. Nxb7 Qxb7 33. Qc3 Qa8 34. Qc7 Qa4 35. Bf2 Nxb6 36.
Qxb6 Qe4 37. Qd4 Qf5 38. Kg2 Qg4 39. Qd3 Qh5 40. Be2 Qh6 41. Qc3 g5 42. Be3 gxf4 43.
Bxf4 Qg6 44. Bd3 Qg4 45. Qc2 Qh5 46. h3 h6 47. h4 Qg4 48. Be2 Qg7 49. Bh5 Kh8 50.
Qc8 Kg8 51. Qe8 Qh7 52. Qa4 Qd3 53. Qd1 Qh7 54. Be2 Qg6 55. Bd3 Qg7 56. Qh5 Kh8 57. Kf3 Kg8 58. g4 f6 59. exf6 Qxf6 60. g5 Qd4 61. Qg6+ Bg7 62. gxh6 1-0

[Event "*** Titled Tuesday Blitz"]
[Site "Chess.com"]
[Date "2018.06.05"]
[Round "9"]
[White "WPWPWP-2015"]
[Black "Kimster98"]
[Result "0-1"]
[WhiteElo "2376"]
[BlackElo "2543"]
[TimeControl "180+2"]
[EndTime "15:09:37 PDT"]
[Termination "Kimster98 won by resignation"]

1. e4 Nc6 2. Nf3 e6 3. d4 d5 4. e5 f6 5. Bb5 Qd7 6. exf6 gxf6 7. O-O a6 8. Bd3 Bg7 9. Re1 Nge7 10. c3 Ng6 11. Qc2 Qf7 12. h4 e5 13. dxe5 fxe5 14. c4 O-O 15. Ng5 Qf6 16. Bxg6 hxg6 17. cxd5 Nd4 18.
Qd2 Bf5 19. Nc3 Bh6 20. Nce4 Bxe4 21. Rxe4 Rad8 22. Rg4 Qf5 23. f3 Rxd5 24. Kh1 c6 25. Qf2 Nc2 26. Be3 Nxa1 27. Ne4 Qxg4 28. Bxh6 Qxe4 29.
Kh2 Qf5 30. Qg3 Nc2 31. Bg5 Nd4 32. h5 Kf7 33. Bh6 Rh8 34. Bg5 Rxh5+ 35. Bh4 Rxh4+ 36. Qxh4 Qh5 37. Qxh5 gxh5 0-1

[Event "*** Titled Tuesday Blitz"]
[Site "Chess.com"]
[Date "2018.06.05"]
[Round "9"]
[White "twitchTriniCupid"]
[Black "Ind1anStar"]
[Result "1/2-1/2"]
[WhiteElo "2240"]
[BlackElo "2360"]
[TimeControl "180+2"]
[EndTime "15:09:37 PDT"]
[Termination "Game drawn by repetition"]

1. d4 Nf6 2. c4 c5 3. d5 b5 4. g3 d6 5. e4 Nxe4 6. Qe2 Qa5+ 7. Nd2 Nxd2 8. Bxd2 Qb6 9. cxb5 a6 10. a4 axb5 11.
Qxb5+ Qxb5 12. Bxb5+ Bd7 13. Bxd7+ Nxd7 14. Ne2 Nb6 15. Nc3 g6 16. Ke2 Bg7 17. Rhd1 O-O 18. b3 Rfb8 19. Rab1 c4 20. a5 Rxa5 21. Na4 Rxd5 22.
bxc4 Re5+ 23. Be3 Nd7 24. Rxb8+ Nxb8 25. Rb1 Nd7 26. Rb7 Nf6 27. Kd3 h6 28. Nb6 Ne4 29.
Nd5 e6 30. Rb8+ Kh7 31. f4 Rh5 32. Kxe4 exd5+ 33. cxd5 Rxh2 34. Rd8 Rg2 35. Kf3 Ra2 36. Rxd6 Ra3 37. Kf2 Ra2+ 38. Kf3 Ra3 39. Ke2 Ra2+ 40. Kf3 Ra3 41. Ke2 Ra2+ 42. Kd3 Ra3+ 43. Ke2 1/2-1/2

[Event "*** Titled Tuesday Blitz"]
[Site "Chess.com"]
[Date "2018.06.05"]
[Round "9"]
[White "Gvalch"]
[Black "Muguet7"]
[Result "0-1"]
[WhiteElo "2588"]
[BlackElo "2355"]
[TimeControl "180+2"]
[EndTime "15:09:38 PDT"]
[Termination "Muguet7 won on time"]

1. d4 Nf6 2. c4 e6 3. g3 d5 4. Bg2 Bb4+ 5. Nd2 O-O 6. Nf3 Be7 7. O-O Nbd7 8. Qc2 b6 9. e4 dxe4 10. Nxe4 Bb7 11. Nc3 c5 12. d5 exd5 13. cxd5 Nxd5 14. Rd1 Nxc3 15. bxc3 Qc8 16. Bf4 Nf6 17. Bd6 Re8 18. Be5 Be4 19. Qb2 Qc6 20. Ne1 Bxg2 21. Nxg2 Rad8 22. c4 Qf3 23. Ne3 h5 24. Qb3 Ne4 25. Nd5 Qxf2+ 26. Kh1 Bg5 27. Bb2 Nd2 28. Qc3 f6 29. a4 Re2 30. Nxf6+ gxf6 0-1

[Event "*** Titled Tuesday Blitz"]
[Site "Chess.com"]
[Date "2018.06.05"]
[Round "9"]
[White "kungmongmanh"]
[Black "nabukatnezarr"]
[Result "1-0"]
[WhiteElo "2348"]
[BlackElo "2292"]
[TimeControl "180+2"]
[EndTime "15:09:41 PDT"]
[Termination "kungmongmanh won by resignation"]

1. d4 d5 2. c4 c6 3. Nc3 Nf6 4. Nf3 dxc4 5. a4 Bf5 6. e3 e6 7. Bxc4 Bb4 8. Qb3 a5 9. O-O O-O 10. Na2 Na6 11. Bd2 Bxd2 12. Nxd2 Qe7 13. Bxa6 Rxa6 14.
Rac1 h6 15. Rfe1 Ne4 16. Nc4 Nd6 17. Qa3 Rd8 18. Nxd6 Qxd6 19. Qxd6 Rxd6 20. Rc5 Kf8 21. f3 Ke7 22. Kf2 Rb6 23. Re2 Ra6 24. e4 Bg6 25.
Ke3 Ra8 26. Nc1 Rad8 27. Nb3 b6 28. Rc3 f6 29. Rec2 Be8 30. h4 e5 31. dxe5 fxe5 32. Nd2 c5 33. b3 Rg6 34. Nc4 Re6 35. g4 Rd4 36. g5 hxg5 37. hxg5 Kf7 38. Rg2 Kg6 39.
Rcc2 b5 40. axb5 Bxb5 41. Nb2 Rc6 42. Rc3 Ba6 43. Rgc2 Rc8 44. Rxc5 Rxc5 45. Rxc5 Kxg5 46. Rxe5+ Kf6 47. Kxd4 1-0

[Event "*** Titled Tuesday Blitz"]
[Site "Chess.com"]
[Date "2018.06.05"]
[Round "9"]
[White "Ar4uha"]
[Black "Swarnapuri"]
[Result "0-1"]
[WhiteElo "2577"]
[BlackElo "2495"]
[TimeControl "180+2"]
[EndTime "15:09:43 PDT"]
[Termination "Swarnapuri won by resignation"]

1. e4 Nc6 2. Nf3 d6 3. d4 Nf6 4. Nc3 Bg4 5. Be3 e5 6. d5 Ne7 7. h3 Bd7 8. g4 h6 9. Bd3 Ng6 10. Ne2 c6 11. c4 b5 12. dxc6 Bxc6 13. cxb5 Bxe4 14. Bxe4 Nxe4 15. Qd5 Nf6 16. Qc6+ Nd7 17. Nc3 Ne7 18. Qe4 Nf6 19. Qa4 Qd7 20. O-O-O Ng6 21.
g5 hxg5 22. Bxg5 Be7 23. h4 Qg4 24. b6+ Qxa4 25. Nxa4 axb6 26. Nxb6 Rxa2 27. Nd2 Ra1+ 28. Kc2 Rxd1 29. Kxd1 Ng4 30. Rf1 Nxh4 31. Bxe7 Kxe7 32. Ke2 Ng6 33. b4 Nf4+ 34. Kf3 f5 35. Rg1 g5 36.
Rxg4 fxg4+ 37. Kxg4 Rb8 38. Nbc4 Ne6 39. Ne3 Rxb4+ 40. Kf5 Rf4+ 41. Kg6 Rf6+ 42. Kh5 Rxf2 43. Ne4 Re2 44. Nd5+ Kd7 45. Ndf6+ Kc6 46. Kg6 d5 47. Ng3 Rf2 48. Ng4 Rg2 49. Nxe5+ Kc5 50. Nf5 d4 51.
Kf6 Nf4 52. Ne7 Nd5+ 53. Nxd5 Kxd5 54. Nd3 Rg3 55. Ne1 Ke4 0-1

[Event "*** Titled Tuesday Blitz"]
[Site "Chess.com"]
[Date "2018.06.05"]
[Round "9"]
[White "saraswathii"]
[Black "Manukyan_Artak"]
[Result "0-1"]
[WhiteElo "2294"]
[BlackElo "2367"]
[TimeControl "180+2"]
[EndTime "15:09:46 PDT"]
[Termination "Manukyan_Artak won on time"]

1. e4 c6 2. d3 d5 3. Nd2 Nf6 4. Ngf3 Bg4 5. e5 Nfd7 6. d4 e6 7. c3 c5 8. h3 Bh5 9. Bd3 Nc6 10.
g4 Bg6 11. Qe2 Qb6 12. Qe3 Rc8 13. a3 cxd4 14. cxd4 Be7 15. O-O Bxd3 16. Qxd3 O-O 17. Rd1 Na5 18. b3 Nb8 19. Rb1 Qa6 20. Qe3 Rc2 21. Ne1 Rc7 22. Nd3 Rc3 23. Nf3 Rfc8 24.
b4 Nc4 25. Qe1 Nxa3 26. Nc5 Bxc5 27. Qxc3 Nxb1 28. Qb2 Be7 29. Qxb1 Qe2 30. Bg5 Qxf3 31. Bxe7 Qxh3 32. Rd3 Qxg4+ 33. Rg3 Qe4 34. Qd1 g6 35. Qd2 Nc6 36. Qh6 Nxe7 37. Rh3 g5 0-1

[Event "*** Titled Tuesday Blitz"]
[Site "Chess.com"]
[Date "2018.06.05"]
[Round "9"]
[White "MPGM"]
[Black "TheCount"]
[Result "1-0"]
[WhiteElo "2403"]
[BlackElo "2519"]
[TimeControl "180+2"]
[EndTime "15:09:50 PDT"]
[Termination "MPGM won on time"]

1. Nf3 Nf6 2. c4 g6 3. d4 Bg7 4. e3 O-O 5. Be2 b6 6. O-O Bb7 7. Nc3 d5 8. b3 c5 9. Bb2 dxc4 10. Bxc4 Nbd7 11. Qe2 cxd4 12. Nxd4 Ne5 13. Rfd1 Nxc4 14. Qxc4 Rc8 15. Qe2 Qc7 16. Rac1 Qb8 17. f3 Rfd8 18. Qf2 a6 19. e4 b5 20. Nde2 Bh6 21. Rxd8+ Rxd8 22.
Rd1 Rc8 23. Qb6 Ne8 24. Rd7 Rc7 25. Rxc7 Qxc7 26. Qd4 Bg7 27. Qd2 Qc5+ 28. Kh1 Nd6 29. h3 Qf2 30. Nd1 Qf1+ 31. Kh2 Bxb2 32. Nxb2 Qa1 33. Nd3 Bc8 34. Ndf4 h5 35. Nd5 Kf8 36. Qh6+ Ke8 37. Qg5 f6 38. Qxg6+ Kd8 39. Qg7 1-0

[Event "*** Titled Tuesday Blitz"]
[Site "Chess.com"]
[Date "2018.06.05"]
[Round "9"]
[White "nicegg"]
[Black "aa175"]
[Result "0-1"]
[WhiteElo "1892"]
[BlackElo "1914"]
[TimeControl "180+2"]
[EndTime "15:09:50 PDT"]
[Termination "aa175 won by resignation"]

1. e4 e5 2. f4 Bc5 3. Qf3 d6 4. Bc4 Nf6 5. f5 Nc6 6. c3 a6 7. a4 Na5 8. Ba2 Ba7 9. Ne2 Bd7 10. g4 h6 11. h4 b5 12. g5 Ng8 13. axb5 axb5 14. d3 Ne7 15. Nd2 h5 16. Ng3 d5 17.
exd5 Bc8 18. f6 gxf6 19. Qxf6 Ng6 20. d6 Qxf6 21. gxf6 Bb7 22. Rf1 cxd6 23. Nf5 Kd7 24. Ne4 Bxe4 25. dxe4 Bc5 26. Bxf7 Nf4 27. Bxf4 exf4 28.
O-O-O Nc4 29. Bxc4 bxc4 30. e5 Rhf8 31. exd6 Rxf6 32. Nd4 Bxd4 33. Rxd4 Ra1+ 34. Kc2 Rxf1 35. Rxc4 Rxd6 36. Rxf4 Rxf4 37. b4 Rxh4 38. Kb3 Rxb4+ 39. Kxb4 h4 40. c4 Rd4 41. Kc5 Rxc4+ 42. Kxc4 h3 43. Kd4 h2 44. Ke5 h1=Q 0-1

[Event "*** Titled Tuesday Blitz"]
[Site "Chess.com"]
[Date "2018.06.05"]
[Round "9"]
[White "DiamondCrusher22"]
[Black "Angulo07"]
[Result "0-1"]
[WhiteElo "2001"]
[BlackElo "2422"]
[TimeControl "180+2"]
[EndTime "15:09:52 PDT"]
[Termination "Angulo07 won by checkmate"]

1. e4 d5 2. exd5 Qxd5 3. Nc3 Qa5 4. Bc4 Nf6 5. d3 c6 6. Bd2 Qb6 7. Nf3 Bg4 8. Bxf7+ Kxf7 9. Ne5+ Kg8 10. Nxg4 h5 11. Nxf6+ exf6 12. O-O Nd7 13. Qf3 Qxb2 14. Rfc1 Ne5 15.
Qf5 Qb4 16. Rab1 Qe7 17. Ne4 b5 18. f4 Qd7 19. Nxf6+ gxf6 20. Qxf6 Bg7 21. Qg5 Nf7 22.
Qg3 h4 23. Qg6 h3 24. Bc3 Rh7 25. f5 Kh8 26. f6 Bh6 27. Re1 Rg8 28. Re7 Rxg6 29.
Rxd7 Be3+ 30. Kf1 hxg2+ 31. Ke2 g1=Q 32. Rxg1 Rxg1 33. Rd8+ Rg8 34. Rd7 Bb6 35. Re7 Rxh2+ 36. Kf3 Rf2+ 37. Ke4 Rg4# 0-1

[Event "*** Titled Tuesday Blitz"]
[Site "Chess.com"]
[Date "2018.06.05"]
[Round "9"]
[White "Jahonas"]
[Black "Usurpov"]
[Result "0-1"]
[WhiteElo "2249"]
[BlackElo "2425"]
[TimeControl "180+2"]
[EndTime "15:09:53 PDT"]
[Termination "Usurpov won by resignation"]

1. d4 Nf6 2. c4 g6 3. Nf3 Bg7 4. g3 O-O 5. Bg2 c6 6. O-O d5 7. b3 Ne4 8. Bb2 Bf5 9. Nbd2 Qa5 10. Nxe4 Bxe4 11. Ne5 Bxg2 12. Kxg2 Rd8 13. cxd5 Qxd5+ 14. Nf3 c5 15. e3 Nc6 16. Qe2 cxd4 17. exd4 Rac8 18.
Rfd1 Rd7 19. Rac1 b6 20. Kg1 Rdc7 21. Ne5 Nxe5 22. dxe5 Rxc1 23. Rxc1 Rxc1+ 24. Bxc1 Qxe5 25. Be3 Qd5 26. Qa6 Qd7 27. h4 h6 28. a4 Bc3 29. Qc4 Bd2 30. Bd4 h5 31. Kf1 Bh6 32.
Ke2 Bg7 33. Be3 e5 34. Qa6 Bf8 35. a5 Bc5 36. axb6 axb6 37. Qa8+ Kg7 38. Qe4 Qd6 39. Bd2 Qd4 40. Qxd4 Bxd4 41. Be3 Bxe3 42. fxe3 Kf6 43. Kd3 Ke6 44. Kc4 f6 45. Kb5 g5 46. Kxb6 gxh4 47.
gxh4 f5 48. Kc6 f4 49. exf4 exf4 50. b4 f3 51. b5 f2 52. b6 f1=Q 53. b7 Qc1+ 54.
Kb6 Qb2+ 55. Kc7 Kf5 56. b8=Q Qxb8+ 57. Kxb8 Kg4 58. Kc7 Kxh4 59. Kd6 Kh3 60. Ke5 Kg3 0-1

[Event "*** Titled Tuesday Blitz"]
[Site "Chess.com"]
[Date "2018.06.05"]
[Round "9"]
[White "Rish_97"]
[Black "nOcHeaTiNgKiD"]
[Result "1-0"]
[WhiteElo "2304"]
[BlackElo "2321"]
[TimeControl "180+2"]
[EndTime "15:09:55 PDT"]
[Termination "Rish_97 won by resignation"]

1. e4 e5 2. Nf3 Nc6 3. Bc4 Bc5 4. d3 Nf6 5. c3 d6 6. a4 a6 7. O-O Ba7 8. Na3 h6 9. Nc2 Be6 10. Bxe6 fxe6 11. Be3 O-O 12. Bxa7 Rxa7 13. b4 Ne7 14.
Ne3 Ng6 15. a5 d5 16. Qc2 c6 17. Rfe1 Nh5 18. d4 exd4 19. Nxd4 Nhf4 20. Rad1 Qg5 21.
Kh1 Qf6 22. exd5 cxd5 23. g3 Nh3 24. f4 Raa8 25. Ng4 Qf7 26. Nxe6 Rfe8 27. f5 Ne7 28. Nc7 Nxf5 29. Rxe8+ Rxe8 30. Nxe8 Ne3 31. Nxe3 Qf3+ 32. Qg2 Qxe3 33. Rf1 Ng5 34. Qxd5+ Kh7 35. Nd6 Qe2 36. Qf5+ Kg8 37. Qc8+ Kh7 38. Qf5+ Kg8 39. Qf2 Qe6 40. Nf5 1-0

[Event "*** Titled Tuesday Blitz"]
[Site "Chess.com"]
[Date "2018.06.05"]
[Round "9"]
[White "FMJoseHerrera"]
[Black "EmreDedebas"]
[Result "0-1"]
[WhiteElo "2448"]
[BlackElo "2389"]
[TimeControl "180+2"]
[EndTime "15:09:59 PDT"]
[Termination "EmreDedebas won by resignation"]

1. Nf3 d6 2. g3 Nf6 3. Bg2 e5 4. O-O Be7 5. d3 O-O 6. Nc3 Re8 7. e4 Bf8 8. Bg5 c6 9. Re1 h6 10. Bd2 Nbd7 11. Ne2 a5 12. c3 Nc5 13. Qc2 a4 14. b4 axb3 15. axb3 Be6 16. b4 Ncd7 17. Qb2 Qc7 18. h3 b5 19. g4 Nb6 20. Ng3 Na4 21.
Qc1 c5 22. bxc5 Nxc5 23. Bf1 Nb3 24. Rxa8 Nxc1 25. Rxe8 Nxe8 26. Rxc1 d5 27. Nh4 Nd6 28. Nhf5 dxe4 29. Nxd6 Bxd6 30. Nxe4 Be7 31. Rb1 Qc6 32. Bg2 Bd5 33. Be3 g6 34. Bxh6 f5 35.
gxf5 gxf5 36. c4 bxc4 37. Rb8+ Kh7 38. Bg5 Bxe4 39. dxe4 Bxg5 40. exf5 Qd6 41. Be4 Bf6 42. Rb7+ Kh6 43. Kg2 c3 44. Rf7 Kg5 45. Rb7 Kf4 46. Bc2 Qd5+ 0-1

[Event "*** Titled Tuesday Blitz"]
[Site "Chess.com"]
[Date "2018.06.05"]
[Round "9"]
[White "Supernotar"]
[Black "AndreyOstrovskiy"]
[Result "1/2-1/2"]
[WhiteElo "2449"]
[BlackElo "2656"]
[TimeControl "180+2"]
[EndTime "15:10:01 PDT"]
[Termination "Game drawn by repetition"]

1. d4 Nf6 2. c4 e6 3. Nf3 b6 4.
g3 c6 5. Bg2 Be7 6. O-O O-O 7.
b3 d5 8. Bb2 a5 9. Nbd2 Bb7 10.
Qc2 Na6 11. a3 c5 12. cxd5 exd5 13. Rac1 Re8 14. e3 Bf8 15. Rfd1 a4 16. bxa4 c4 17. Ne5 Ra7 18. e4 Nc7 19. exd5 Ncxd5 20. Ndxc4 Qa8 21. Qb3 Rxa4 22. Nxb6 Nxb6 23. Qxf7+ Kh8 24. Bxb7 Qb8 25. Rc7 Na8 26. Bxa8 Rxa8 27. Rb7 Qc8 28. Rc1 Qh3 29. Rc2 Rac8 30. Rxc8 Rxc8 31. Qb3 h6 32. Ng6+ Kh7 33.
Qd3 Kg8 34. Nxf8 Rxf8 35. Qg6 Nd7 36. d5 Rf7 37. Qe6 Qh5 38. Rxd7 Qd1+ 39. Kg2 Qf3+ 40. Kh3 Qh5+ 41. Kg2 Qf3+ 42. Kh3 Qh5+ 43. Kg2 Qf3+ 44.
Kh3 Qh5+ 45. Kg2 Qf3+ 46. Kh3 Qh5+ 47. Kg2 Qf3+ 1/2-1/2